NCAA
VILLANOVA WILDCATS @ BOSTON COLLEGE EAGLES
04/28/2028
 
TOP OF THE 1ST
Villanova Wildcats batting - Pitching for Boston College Eagles : RHP Pedro Trevino
Pitching: RHP Pedro Trevino
Batting: RHB Juan Romero 0-0: Ball
1-0: Foul Ball, location: 2F
1-1: SINGLE (Groundball, 4D)
Batting: RHB Paul Bell 0-0: Ball
1-0: Ball
2-0: Called Strike
2-1: Fly out, F3 (Line Drive, 3S)
Lined into DP, U3 (Line Drive, 3S)
Batting: LHB William Donnelly 0-0: Called Strike
0-1: Ball
1-1: Ball
2-1: Foul Ball, location: 2F
2-2: Ball
3-2: SINGLE (Line Drive, 34)
Batting: RHB Steve Smith 0-0: Ball
1-0: Called Strike
1-1: Ball
2-1: Called Strike
2-2: Fielders Choice at 2nd, 6-4 (Groundball, 6)
Top of the 1st over - 0 run(s), 2 hit(s), 0 error(s), 0 left on base; Villanova 0 - Boston College 0
BOTTOM OF THE 1ST
Boston College Eagles batting - Pitching for Villanova Wildcats : LHP Noah Flint
Pitching: LHP Noah Flint
Batting: SHB Ralph Alfonzo 0-0: Ball
1-0: Called Strike
1-1: Called Strike
1-2: Fly out, F8 (Flyball, 8RM)
Batting: RHB Armando Blanco 0-0: Called Strike
0-1: Ball
Error on foul ball, E7
1-2: Ball
2-2: Ball
3-2: Foul Ball, location: 2F
3-2: Base on Balls
Batting: SHB Marvin MacGeoch 0-0: Ball
1-0: Called Strike
1-1: Foul Ball, location: 2F
1-2: Foul Ball, location: 2F
1-2: SINGLE (Groundball, 6MD)
Armando Blanco to second
Batting: LHB Rafael Yan 0-0: Ball
1-0: Foul Ball, location: 2F
1-1: Ball
2-1: Ball
3-1: Base on Balls
Armando Blanco to third
Marvin MacGeoch to second
Batting: RHB Stanley Wallace 0-0: Called Strike
0-1: Foul Ball, location: 2F
0-2: Ball
1-2: Ball
2-2: GRAND SLAM HOME RUN (Flyball, 8LXD), Distance : 389 ft
Batting: RHB Ed Gómez 0-0: Called Strike
0-1: Foul Ball, location: 2F
0-2: Ball
1-2: Ball
2-2: SOLO HOME RUN (Flyball, 78XD), Distance : 390 ft
Batting: SHB Walt Gómez 0-0: Ball
1-0: SINGLE (Groundball, 56D)
Batting: RHB Jason Sears 0-0: Called Strike
0-1: SINGLE (Groundball, 4MD)
Walt Gómez to second
Batting: RHB Alan Mercado 0-0: Called Strike
0-1: Ball
1-1: Ball
2-1: Fly out, F8 (Flyball, 8RS)
Lined into DP, 8-6 (Flyball, 8RS)
Bottom of the 1st over - 5 run(s), 5 hit(s), 1 error(s), 1 left on base; Villanova 0 - Boston College 5
TOP OF THE 2ND
Villanova Wildcats batting - Pitching for Boston College Eagles : RHP Pedro Trevino
Batting: LHB Jonathan Belisle 0-0: Called Strike
0-1: Ball
1-1: Foul Ball, location: 2F
1-2: Ball
2-2: SINGLE (Flyball, 89S)
Batting: RHB Michael Boulanger 0-0: Ball
1-0: Ball
Wild Pitch!
Jonathan Belisle to second
2-0: Swinging Strike
2-1: SINGLE (Groundball, 6MD)
Jonathan Belisle to third
Batting: LHB José Gómez 0-0: Ball
1-0: Called Strike
1-1: Fly out, F7 (Flyball, 7S)
Batting: RHB Reynaldo Gómez 0-0: Ball
1-0: Ball
2-0: Ball
3-0: Base on Balls
Michael Boulanger to second
Batting: RHB Martín Flores 0-0: Foul Ball, location: 2F
0-1: Ball
1-1: Called Strike
1-2: Strikes out swinging
Batting: RHB Juan Romero 0-0: Foul Ball, location: 2F
0-1: Foul Ball, location: 2F
0-2: Ball
1-2: Foul Ball, location: 2F
1-2: Ball
2-2: Ball
3-2: Base on Balls
Jonathan Belisle scores
Michael Boulanger to third
Reynaldo Gómez to second
Batting: RHB Paul Bell 0-0: Ball
1-0: Called Strike
1-1: Fielders Choice at 2nd, 5-4 (Groundball, 5L)
Top of the 2nd over - 1 run(s), 2 hit(s), 0 error(s), 2 left on base; Villanova 1 - Boston College 5
BOTTOM OF THE 2ND
Boston College Eagles batting - Pitching for Villanova Wildcats : LHP Noah Flint
Batting: SHB Ralph Alfonzo 0-0: Ball
1-0: Ball
2-0: Called Strike
2-1: Ball
3-1: Swinging Strike
3-2: Strikes out swinging
Batting: RHB Armando Blanco 0-0: Ball
1-0: Ball
2-0: Foul Ball, location: 2F
2-1: SINGLE (Line Drive, 34D)
Batting: SHB Marvin MacGeoch 0-0: Called Strike
0-1: Ball
1-1: Ball
2-1: Fly out, F8 (Flyball, 78M)
Batting: LHB Rafael Yan 0-0: SINGLE (Flyball, 6MD)
Armando Blanco to second
Batting: RHB Stanley Wallace 0-0: Ball
1-0: Swinging Strike
1-1: Foul Ball, location: 2F
1-2: Strikes out swinging
Bottom of the 2nd over - 0 run(s), 2 hit(s), 0 error(s), 2 left on base; Villanova 1 - Boston College 5
TOP OF THE 3RD
Villanova Wildcats batting - Pitching for Boston College Eagles : RHP Pedro Trevino
Batting: LHB William Donnelly 0-0: Ball
1-0: Foul Ball, location: 2F
1-1: Ball
2-1: SOLO HOME RUN (Flyball, 8RXD), Distance : 399 ft
Batting: RHB Steve Smith 0-0: Called Strike
0-1: SINGLE (Groundball, 6MD)
Batting: LHB Jonathan Belisle 0-0: Called Strike
0-1: Ball
1-1: Fielders Choice at 2nd, 4-6 (Groundball, 4)
Batting: RHB Michael Boulanger 0-0: Ball
Jonathan Belisle is caught stealing 2nd base
1-0: Ground out 6-3 (Groundball, 6)
Top of the 3rd over - 1 run(s), 2 hit(s), 0 error(s), 0 left on base; Villanova 2 - Boston College 5
BOTTOM OF THE 3RD
Boston College Eagles batting - Pitching for Villanova Wildcats : LHP Noah Flint
Batting: RHB Ed Gómez 0-0: Ball
1-0: Ball
2-0: Ball
3-0: Base on Balls
Batting: SHB Walt Gómez 0-0: Called Strike
0-1: Ball
1-1: Called Strike
1-2: Foul Ball, location: 2F
1-2: Foul Ball, location: 2F
1-2: Strikes out looking
Batting: RHB Jason Sears 0-0: Called Strike
0-1: Fly out, F6 (Popup, 56D)
Batting: RHB Alan Mercado 0-0: Called Strike
0-1: Called Strike
0-2: Ball
1-2: Foul Ball, location: 2F
1-2: Ball
2-2: Fly out, F8 (Flyball, 8RS)
Bottom of the 3rd over - 0 run(s), 0 hit(s), 0 error(s), 1 left on base; Villanova 2 - Boston College 5
TOP OF THE 4TH
Villanova Wildcats batting - Pitching for Boston College Eagles : RHP Pedro Trevino
Batting: LHB José Gómez 0-0: SINGLE (Line Drive, 34D)
Batting: RHB Reynaldo Gómez 0-0: Called Strike
0-1: Ball
1-1: Fly out, F9 (Flyball, 9S)
Batting: RHB Martín Flores 0-0: Ball
1-0: Called Strike
1-1: Swinging Strike
1-2: Ball
2-2: Foul Ball, location: 2F
2-2: Ball
3-2: Base on Balls
José Gómez to second
Batting: RHB Juan Romero 0-0: Ball
1-0: SINGLE (Groundball, 34D)
José Gómez to third
Martín Flores to second
Runner from 3rd tries for Home, SAFE, throw made at trailing runner, SAFE at third!
Batting: RHB Paul Bell 0-0: Ball
1-0: Called Strike
Pickoff Throw by Catcher to First - Error! E2
Martín Flores scores
Juan Romero to second
1-1: Foul Ball, location: 2F
1-2: Foul Ball, location: 2F
1-2: Ball
2-2: Foul Ball, location: 2F
2-2: Strikes out swinging
Batting: LHB William Donnelly 0-0: Called Strike
0-1: Foul Ball, location: 2F
0-2: Fly out, F6 (Popup, 6MS)
Top of the 4th over - 2 run(s), 2 hit(s), 1 error(s), 1 left on base; Villanova 4 - Boston College 5
BOTTOM OF THE 4TH
Boston College Eagles batting - Pitching for Villanova Wildcats : LHP Noah Flint
Batting: SHB Ralph Alfonzo 0-0: Ball
1-0: Swinging Strike
1-1: Swinging Strike
1-2: Ball
2-2: Strikes out swinging
Pitching: RHP Marvin Phelps
Batting: RHB Armando Blanco 0-0: Called Strike
0-1: Called Strike
0-2: Ball
1-2: Foul Ball, location: 2F
1-2: Fly out, F9 (Flyball, 9LM)
Batting: SHB Marvin MacGeoch 0-0: Ball
1-0: Called Strike
1-1: Ball
2-1: Foul Ball, location: 2F
2-2: Foul Ball, location: 2F
2-2: Foul Ball, location: 2F
2-2: SINGLE (Flyball, 8RS)
Batting: LHB Rafael Yan 0-0: Ball
1-0: Ball
2-0: Ball
3-0: Called Strike
3-1: Called Strike
3-2: Base on Balls
Marvin MacGeoch to second
Batting: RHB Stanley Wallace 0-0: Called Strike
0-1: Ball
1-1: Ball
2-1: Ball
3-1: Swinging Strike
3-2: Base on Balls
Marvin MacGeoch to third
Rafael Yan to second
Batting: RHB Ed Gómez 0-0: Swinging Strike
0-1: Ball
1-1: Foul Ball, location: 2F
1-2: Strikes out swinging
Bottom of the 4th over - 0 run(s), 1 hit(s), 0 error(s), 3 left on base; Villanova 4 - Boston College 5
TOP OF THE 5TH
Villanova Wildcats batting - Pitching for Boston College Eagles : RHP Pedro Trevino
Pitching: RHP David Hesketh
Batting: RHB Steve Smith 0-0: Ball
1-0: Ball
2-0: Ball
3-0: Base on Balls
Batting: LHB Jonathan Belisle 0-0: Called Strike
0-1: SINGLE (Flyball, 89M)
Steve Smith to second
Batting: RHB Michael Boulanger 0-0: Called Strike
0-1: Ball
1-1: SINGLE (Line Drive, 34D)
Steve Smith to third
Jonathan Belisle to second
Runner from 3rd tries for Home, SAFE, throw made home
Batting: LHB José Gómez 0-0: Ball
1-0: Ball
2-0: Foul Ball, location: 2F
2-1: SINGLE (Line Drive, 8LS)
Jonathan Belisle to third
Michael Boulanger to second
Runner from 3rd tries for Home, SAFE, no throw
Batting: RHB Reynaldo Gómez 0-0: Ball
1-0: Ball
2-0: Called Strike
2-1: Ball
3-1: Base on Balls
Michael Boulanger to third
José Gómez to second
Batting: RHB Martín Flores 0-0: Ball
1-0: Called Strike
1-1: Called Strike
1-2: Foul Ball, location: 2F
1-2: Foul Ball, location: 2F
1-2: Reached on error, E6 (Groundball, 6)
Michael Boulanger scores
José Gómez to third
Reynaldo Gómez to second
Batting: RHB Juan Romero 0-0: Ball
1-0: Ball
2-0: Called Strike
2-1: Ball
3-1: Foul Ball, location: 2F
3-2: Foul Ball, location: 2F
3-2: Foul Ball, location: 2F
3-2: Base on Balls
José Gómez scores
Reynaldo Gómez to third
Martín Flores to second
Pitching: RHP Horace Olson
Batting: RHB Paul Bell 0-0: Grounds into double play, 4-6-3 (Groundball, 4M)
Reynaldo Gómez scores
Martín Flores to third
Batting: LHB William Donnelly 0-0: Ground out U3 (Groundball, 34)
Top of the 5th over - 5 run(s), 3 hit(s), 1 error(s), 1 left on base; Villanova 9 - Boston College 5
BOTTOM OF THE 5TH
Boston College Eagles batting - Pitching for Villanova Wildcats : RHP Marvin Phelps
Batting: SHB Walt Gómez 0-0: Fly out, F8 (Flyball, 8RM)
Batting: RHB Jason Sears 0-0: Ball
1-0: Ball
2-0: Ball
3-0: Swinging Strike
3-1: Base on Balls
Batting: RHB Alan Mercado 0-0: Ball
1-0: Ball
2-0: Ball
3-0: Base on Balls
Jason Sears to second
Batting: SHB Ralph Alfonzo 0-0: Ball
1-0: Ball
2-0: Foul Ball, location: 2F
2-1: Swinging Strike
2-2: Ground out 5-3 (Groundball, 56S)
Jason Sears to third
Alan Mercado to second
Batting: RHB Armando Blanco 0-0: Called Strike
0-1: Ball
1-1: Ball
2-1: Ball
3-1: DOUBLE (Line Drive, 7)
Jason Sears scores
Alan Mercado scores
Batting: SHB Marvin MacGeoch 0-0: Called Strike
0-1: Foul Ball, location: 2F
0-2: Ground out 4-3 (Groundball, 4)
Bottom of the 5th over - 2 run(s), 1 hit(s), 0 error(s), 1 left on base; Villanova 9 - Boston College 7
TOP OF THE 6TH
Villanova Wildcats batting - Pitching for Boston College Eagles : RHP Horace Olson
Batting: RHB Steve Smith 0-0: Called Strike
0-1: Ball
1-1: Ball
2-1: Called Strike
2-2: Foul Ball, location: 2F
2-2: Ball
3-2: Base on Balls
Batting: LHB Jonathan Belisle 0-0: Foul Ball, location: 2F
0-1: Foul Ball, location: 2F
0-2: Ball
1-2: Reached on error, E9 (Line Drive, 9)
Steve Smith to third
Batting: RHB Michael Boulanger 0-0: Intentional Walk
Batting: LHB José Gómez 0-0: Ball
1-0: Ball
2-0: Called Strike
2-1: Fly out, F7 (Flyball, 78S)
Batting: RHB Reynaldo Gómez 0-0: Called Strike
0-1: Swinging Strike
0-2: Ball
1-2: Foul Ball, location: 2F
1-2: Foul Ball, location: 2F
1-2: Foul Ball, location: 2F
1-2: Ball
2-2: Ball
3-2: Base on Balls
Steve Smith scores
Jonathan Belisle to third
Michael Boulanger to second
Batting: RHB Martín Flores 0-0: Called Strike
0-1: Ball
1-1: Called Strike
1-2: Ball
2-2: Grounds into fielders choice 5-2 (Groundball, 56S)
Michael Boulanger to third
Reynaldo Gómez to second
Batting: RHB Juan Romero 0-0: Ball
1-0: DOUBLE (Flyball, 8RM)
Michael Boulanger scores
Reynaldo Gómez scores
Martín Flores to third
Runner from 3rd tries for Home, SAFE, no throw
Pitching: RHP Mike Heath
Batting: RHB Paul Bell 0-0: Ball
1-0: Foul Ball, location: 2F
1-1: Ball
2-1: Swinging Strike
2-2: Ground out 5-3 (Groundball, 56)
Top of the 6th over - 4 run(s), 1 hit(s), 1 error(s), 1 left on base; Villanova 13 - Boston College 7
BOTTOM OF THE 6TH
Boston College Eagles batting - Pitching for Villanova Wildcats : RHP Marvin Phelps
Batting: LHB Rafael Yan 0-0: Called Strike
0-1: Ball
1-1: Ball
2-1: Ball
3-1: Foul Ball, location: 2F
3-2: SOLO HOME RUN (Flyball, 8RXD), Distance : 411 ft
Pitching: RHP Dave Spensley
Batting: RHB Stanley Wallace 0-0: Called Strike
0-1: Ball
1-1: Foul Ball, location: 2F
1-2: Strikes out swinging
Batting: RHB Ed Gómez 0-0: Ball
1-0: Called Strike
1-1: Ball
2-1: Ball
3-1: Base on Balls
Batting: SHB Walt Gómez 0-0: Called Strike
0-1: Called Strike
0-2: DOUBLE (Line Drive, 8LXD)
Ed Gómez to third
Runner from 3rd tries for Home, SAFE, throw made home
Batting: RHB Jason Sears 0-0: Called Strike
0-1: Fly out, F6 (Popup, 6D)
Batting: RHB Alan Mercado 0-0: Ball
1-0: Called Strike
1-1: Ball
2-1: Called Strike
2-2: Foul Ball, location: 2F
2-2: Foul Ball, location: 2F
2-2: Ball
3-2: Base on Balls
Batting: SHB Ralph Alfonzo 0-0: Called Strike
0-1: Foul Ball, location: 2F
0-2: Foul Ball, location: 2F
0-2: Ball
1-2: Strikes out swinging
Bottom of the 6th over - 2 run(s), 2 hit(s), 0 error(s), 2 left on base; Villanova 13 - Boston College 9
TOP OF THE 7TH
Villanova Wildcats batting - Pitching for Boston College Eagles : RHP Mike Heath
Batting: LHB William Donnelly 0-0: Ball
1-0: Called Strike
1-1: Foul Ball, location: 2F
1-2: Ball
2-2: Foul Ball, location: 2F
2-2: Ball
3-2: SINGLE (Groundball, 56S) (infield hit)
Batting: RHB Steve Smith 0-0: Foul Ball, location: 2F
0-1: Swinging Strike
0-2: Ball
1-2: Foul Ball, location: 2F
1-2: Ball
2-2: Hit by Pitch
William Donnelly to second
Batting: LHB Jonathan Belisle 0-0: SINGLE (Groundball, 34) (infield hit)
William Donnelly to third
Steve Smith to second
Batting: RHB Michael Boulanger 0-0: Ball
1-0: Called Strike
1-1: Foul Ball, location: 2F
1-2: Strikes out looking
Batting: LHB José Gómez 0-0: Ball
1-0: Fielders Choice at 2nd, 3-6 (Groundball, 3)
William Donnelly scores
Steve Smith to third
Batting: RHB Reynaldo Gómez 0-0: Ball
1-0: Called Strike
1-1: Called Strike
1-2: Strikes out looking
Top of the 7th over - 1 run(s), 2 hit(s), 0 error(s), 2 left on base; Villanova 14 - Boston College 9
BOTTOM OF THE 7TH
Boston College Eagles batting - Pitching for Villanova Wildcats : RHP Dave Spensley
Batting: RHB Armando Blanco 0-0: Single, Error in OF, E7, batter to second base
Batting: SHB Marvin MacGeoch 0-0: Ball
1-0: Ball
2-0: Ball
3-0: Called Strike
3-1: Foul Ball, location: 2F
3-2: Foul Ball, location: 2F
3-2: Fly out, F9 (Flyball, 9S)
Batting: LHB Rafael Yan 0-0: Called Strike
0-1: Foul Ball, location: 2F
0-2: Ball
1-2: Ball
2-2: SINGLE (Line Drive, 34)
Armando Blanco to third
Runner from 3rd tries for Home, SAFE, throw made home
Rafael Yan to second
Batting: RHB Stanley Wallace 0-0: Swinging Strike
0-1: Ground out U3 (Groundball, 34S)
Rafael Yan to third
Batting: RHB Ed Gómez 0-0: Ball
1-0: Foul Ball, location: 2F
1-1: Ball
2-1: Called Strike
2-2: Foul Ball, location: 2F
2-2: Foul Ball, location: 2F
2-2: SINGLE (Line Drive, 6D)
Rafael Yan scores
Pitching: RHP Felipe Pacheco
Batting: SHB Walt Gómez 0-0: Ball
1-0: Called Strike
1-1: Called Strike
1-2: Ball
2-2: Foul Ball, location: 2F
2-2: Strikes out swinging
Bottom of the 7th over - 2 run(s), 3 hit(s), 1 error(s), 1 left on base; Villanova 14 - Boston College 11
TOP OF THE 8TH
Villanova Wildcats batting - Pitching for Boston College Eagles : RHP Mike Heath
Batting: RHB Martín Flores 0-0: Ball
1-0: Called Strike
1-1: Ball
2-1: Ground out 4-3 (Groundball, 4S)
Batting: RHB Juan Romero 0-0: Ball
1-0: Ball
2-0: Foul Ball, location: 2F
2-1: Ball
3-1: Foul Ball, location: 2F
3-2: Base on Balls
Batting: RHB Paul Bell 0-0: Foul Ball, location: 2F
0-1: Ball
1-1: Called Strike
1-2: Foul Ball, location: 2F
1-2: Ball
2-2: Fielders Choice at 2nd, 6-4 (Groundball, 6)
Batting: LHB William Donnelly 0-0: Ball
1-0: Ball
2-0: Ball
3-0: Called Strike
3-1: Base on Balls
Paul Bell to second
Batting: RHB Steve Smith 0-0: Called Strike
0-1: Ball
1-1: Called Strike
1-2: Ball
2-2: Fly out, F9 (Flyball, 9S)
Top of the 8th over - 0 run(s), 0 hit(s), 0 error(s), 2 left on base; Villanova 14 - Boston College 11
BOTTOM OF THE 8TH
Boston College Eagles batting - Pitching for Villanova Wildcats : RHP Felipe Pacheco
Batting: RHB Jason Sears 0-0: Foul Ball, location: 2F
0-1: Called Strike
0-2: Ball
1-2: Ball
2-2: Foul Ball, location: 2F
2-2: Foul Ball, location: 2F
2-2: Foul Ball, location: 2F
2-2: Strikes out swinging
Batting: RHB Alan Mercado 0-0: DOUBLE (Line Drive, 89M)
Pitching: LHP Tom Simms
Batting: SHB Ralph Alfonzo 0-0: Called Strike
0-1: Foul Ball, location: 2F
0-2: Ball
1-2: Ball
2-2: Ground out U3 (Groundball, 3)
Alan Mercado to third
Pitching: RHP Steve Gore
Batting: RHB Armando Blanco 0-0: Called Strike
0-1: Ball
1-1: Ball
2-1: Foul Ball, location: 2F
2-2: Ball
3-2: Base on Balls
Pitching: LHP Anthony Lewis
Batting: SHB Marvin MacGeoch 0-0: Called Strike
0-1: Foul Ball, location: 2F
0-2: Ball
1-2: Foul Ball, location: 2F
1-2: Foul Ball, location: 2F
1-2: Foul Ball, location: 2F
1-2: Ball
2-2: Strikes out looking
Bottom of the 8th over - 0 run(s), 1 hit(s), 0 error(s), 2 left on base; Villanova 14 - Boston College 11
TOP OF THE 9TH
Villanova Wildcats batting - Pitching for Boston College Eagles : RHP Mike Heath
Batting: LHB Jonathan Belisle 0-0: Called Strike
0-1: Ball
1-1: Ball
2-1: Foul Ball, location: 2F
2-2: Strikes out swinging
Pitching: RHP Ed Crawford
Batting: RHB Michael Boulanger 0-0: Called Strike
0-1: Ball
1-1: Ball
2-1: Foul Ball, location: 2F
2-2: Strikes out looking
Batting: LHB José Gómez 0-0: Called Strike
0-1: Ball
1-1: Ball
2-1: Ball
3-1: Base on Balls
Batting: RHB Reynaldo Gómez 0-0: Ball
1-0: Ball
2-0: Ball
Passed Ball!
José Gómez to second
3-0: Called Strike
3-1: Swinging Strike
3-2: Strikes out swinging
Top of the 9th over - 0 run(s), 0 hit(s), 0 error(s), 1 left on base; Villanova 14 - Boston College 11
BOTTOM OF THE 9TH
Boston College Eagles batting - Pitching for Villanova Wildcats : LHP Anthony Lewis
Pitching: RHP Norm Sweetland
Batting: LHB Rafael Yan 0-0: Called Strike
0-1: Ball
1-1: Foul Ball, location: 2F
1-2: Ball
2-2: Fly out, F4 (Line Drive, 4)
Batting: RHB Stanley Wallace 0-0: Ball
1-0: Ball
2-0: Called Strike
2-1: Ball
3-1: Foul Ball, location: 2F
3-2: Foul Ball, location: 2F
3-2: SOLO HOME RUN (Flyball, 7D), Distance : 359 ft
Batting: RHB Ed Gómez 0-0: Foul Ball, location: 2F
0-1: Called Strike
0-2: Ball
1-2: Ball
2-2: Ground out 4-3 (Groundball, 4M)
Batting: SHB Walt Gómez 0-0: Called Strike
0-1: Called Strike
0-2: Ball
1-2: Strikes out swinging
Bottom of the 9th over - 1 run(s), 1 hit(s), 0 error(s), 0 left on base; Villanova 14 - Boston College 12
Tuesday, August 8th, 2017 - OOTP Baseball 17.12 Build 75